Map: Apotheosis LE

Players

Ironvil - Winner!

  • Race: Zerg Zerg
  • League: Silver

Gracz

  • Race: Terran Terran
  • League: Silver

VOD

Have the link to the VOD?

Description

Time

  • Played on: Oct. 24, 2016, 9:42 a.m.
  • Length: 13:21
Show
View Real Time Build Order
Export as new Build Order

Ironvil Zerg - Winner!

Build Orders: Pool First 

Get SALT Encoding   

  12  0:02  Drone  
  13  0:08  Drone  
  14  0:17  Overlord  
  14  0:21  Extractor  
  13  0:24  Drone  
  14  0:41  Drone x2  
  16  0:49  Drone  
  17  0:59  Drone  
  17  1:02  Spawning Pool  
  17  1:10  Drone  
  18  1:17  Drone  
  19  1:29  Overlord  
  19  1:50  Drone x2  
  21  2:01  Unknown, Hatchery  
  21  2:03  Drone  
  21  2:04  Queen  
  23  2:20  Drone  
  24  2:36  Zergling x2  
  24  2:37  Zergling x2  
  25  2:45  Extractor  
  24  3:03  Zergling x4  
  26  3:13  Unknown  
  26  3:19  Zergling x2  
  27  3:20  Zergling x6  
  27  3:24  Metabolic Boost  
  28  3:35  Queen  
  28  3:49  Roach Warren  
  28  3:51  Evolution Chamber  
  28  3:52  Drone x2  
  28  4:00  Zergling x8  
  29  4:10  Spine Crawler  
  27  4:19  Zergling x4  
  27  4:20  Zergling x4  
  31  4:36  Roach x3  
  31  4:38  Overlord x2  
  33  4:50  Zergling x8  
  29  5:07  Queen  
  29  5:11  Roach  
  29  5:12  Roach x4  
  33  5:48  Spine Crawler  
  32  5:56  Roach x7  
  46  6:03  Drone x2  
  40  6:37  Drone x10  
  48  6:55  Roach x2, Zergling x2  
  49  7:16  Overlord  
  49  7:17  Roach  
  51  7:28  Overlord x2  
  47  7:57  Roach x6  
  50  8:15  Spore Crawler  
  50  8:19  Spore Crawler  
  44  8:28  Overlord x2  
  44  8:31  Roach  
  44  8:32  Roach x4  
  54  8:36  Roach  
  54  8:37  Overlord  
  56  8:58  Roach x4  
  56  8:59  Roach x3  
  66  9:09  Lair  
  52  10:19  Hydralisk Den  
  51  10:23  Queen  
  51  10:25  Roach  
  51  10:26  Roach x6  
  67  10:38  Drone x2  
  69  10:45  Overlord  
  69  10:55  Hydralisk x3  
  75  11:04  Extractor  
  74  11:15  Hydralisk x5, Unknown, Hatchery  
  75  12:14  Zergling x2  
  75  12:15  Zergling x10  
  79  12:27  Unknown  
  71  12:53  Zergling x2  
  71  12:54  Zergling x16  
Show
View Real Time Build Order
Export as new Build Order

Gracz Terran 

Build Orders:  

Get SALT Encoding   

  12  0:01  SCV  
  13  0:17  SCV  
  13  0:18  Supply Depot  
  14  0:33  Refinery  
  14  0:34  Refinery  
  14  0:35  SCV  
  15  0:50  SCV  
  16  1:02  SCV  
  17  1:14  Supply Depot, SCV  
  18  1:26  SCV  
  18  1:28  Barracks  
  19  1:39  Supply Depot, SCV  
  20  1:55  Barracks  
  20  1:59  SCV  
  21  2:21  Barracks  
  21  2:30  Reaper  
  22  2:37  Bunker  
  22  2:42  SCV  
  23  2:48  Reaper  
  24  3:06  Factory  
  24  3:10  Reaper x2  
  26  3:33  Reaper  
  27  3:55  Reaper  
  27  3:56  Reaper  
  29  4:05  Reaper  
  29  4:28  Reaper x2  
  31  4:37  Reaper  
  32  5:00  Reaper x2  
  31  5:26  Reaper  
  32  5:32  Reaper  
  30  5:48  Factory  
  30  5:51  Barracks Reactor  
  30  5:53  Starport  
  28  6:34  Reaper x2  
  28  6:37  Barracks Reactor  
  30  6:46  Factory Reactor  
  30  6:47  Starport Reactor  
  30  6:50  Barracks Reactor  
  23  7:12  Liberator  
  20  7:18  Marine x4  
  24  7:25  Hellion x2  
  24  7:27  Medivac  
  33  7:30  Marine x2  
  33  7:35  Marine  
  36  7:44  Marine x3  
  36  7:47  Marine  
  36  7:48  Marine  
  34  8:08  Hellion x2  
  35  8:19  Marine x3  
  37  8:25  Supply Depot  
  38  8:43  Medivac  
  38  8:47  Medivac  
  40  8:51  Hellion x2  
  40  8:52  Supply Depot  
  40  9:24  Marine x2  
  40  9:25  Marine x4  
  40  9:28  Hellion x2  
  50  9:35  Orbital Command  
  50  9:36  Factory  
  47  10:02  Liberator  
  46  10:09  Liberator  
  46  10:17  Marine x5  
  46  10:20  Factory Tech Lab  
  54  10:23  Supply Depot  
  57  10:36  Unknown, Command Center  
  57  10:51  Reaper  
  57  10:53  Barracks  
  57  10:56  Factory Tech Lab  
  55  11:43  Barracks Tech Lab  
  55  11:46  Barracks, Siege Tank  
  58  11:47  Unknown  
  58  11:48  Medivac x2  
  42  12:36  Widow Mine x2  
  46  12:41  Marine x6  
Tags
 
Add a new tag
Caveats
  • Supply blocks, unpowered buildings, or Contaminate may cause inaccurate times.
  • Supply counts are checked every 10 seconds.